[Event "Titled Tuesday Blitz May 4 2021"]
[White "Kiseljova, Marya"]
[Black "Nguyen, Quoc Hy"]
[WhiteFideId "4155009"]
[BlackFideId "12410853"]
[WhiteElo "1797"]
[BlackElo "1975"]
[Result "0-1"]
[Round "04"]
[TimeControl "180+1"]
[Date "2021.05.04"]
[WhiteClock "0:00:05"]
[BlackClock "0:01:15"]

1. d4 d5 2. Bf4 Nf6 3. e3 Bg4 4. Nf3 e6 5. Bd3 c5 6. h3 Bxf3 7. Qxf3 Qb6 8. b3 cxd4 9. exd4 Qxd4 10. c3 Qb6 11. O-O Bd6 12. Nd2 Bxf4 13. Qxf4 O-O 14. c4 Nc6 15. Qh4 Ne5 16. Bc2 dxc4 17. Nxc4 Nxc4 18. bxc4 Rac8 19. Rfb1 Qc7 20. Rb4 Rfd8 21. Rab1 b6 22. a4 h6 23. a5 bxa5 24. Rb7 Qxc4 25. Qxc4 Rxc4 26. Bb3 Rb4 27. Rxa7 Rdb8 28. Rxa5 Rxb3 29. Rc1 Rb1 30. Rxb1 Rxb1+ 31. Kh2 Nd5 32. Ra8+ Kh7 33. Ra7 Kg6 34. Kg3 Rb3+ 35. f3 Ne3 36. h4 Rb2 37. Kf4 Nxg2+ 38. Kg3 Ne1 39. Kf4 Rh2 0-1


[Site "https://www.chess.com"]

[Event "Titled Tuesday Blitz May 4 2021"]
[White "Klimkowski, Jan"]
[Black "Paiva, Henrique M A Albergaria"]
[WhiteFideId "21856222"]
[BlackFideId "1920995"]
[WhiteElo "1903"]
[BlackElo "2055"]
[Result "0-1"]
[Round "04"]
[TimeControl "180+1"]
[Date "2021.05.04"]
[WhiteClock "0:00:02"]
[BlackClock "0:00:05"]

1. d4 d5 2. c4 c6 3. Nc3 Nf6 4. Nf3 e6 5. e3 Bd6 6. Qc2 O-O 7. g4 Nbd7 8. g5 Ne8 9. Bd3 f5 10. Bd2 e5 11. dxe5 Nxe5 12. Nxe5 Bxe5 13. cxd5 cxd5 14. Nxd5 Be6 15. Nc3 Rc8 16. f4 Bxc3 17. Bxc3 Qd5 18. O-O b5 19. Qe2 Nd6 20. Rfd1 Ne4 21. Bxe4 Qxe4 22. Rd4 Qc6 23. Rad1 Bc4 24. Qg2 Qe6 25. Qf3 Bxa2 26. Rd6 Qb3 27. Qb7 Rxc3 28. bxc3 Qxc3 29. R6d3 Qc5 30. Rd4 Re8 31. Qf3 Bc4 32. h4 Qe7 33. Kf2 a5 34. h5 Bb3 35. R1d2 a4 36. Rd7 Qb4 37. Qb7 Qf8 38. h6 Bf7 39. hxg7 Qxg7 40. Qxb5 a3 41. Qa5 a2 42. Rxa2 Qg6 43. Rad2 Qh5 44. Qxf5 Qh2+ 45. Kf1 Qh1+ 46. Ke2 Qg2+ 47. Kd1 Qg1+ 48. Kc2 Bg6 49. Qxg6+ hxg6 50. R2d6 Qf2+ 51. Kb1 Qf1+ 52. Kc2 Rb8 53. Rxg6+ Kf8 54. Rf6+ Ke8 0-1


[Site "https://www.chess.com"]

[Event "Titled Tuesday Blitz May 4 2021"]
[White "Kokoszczynski, Jan"]
[Black "Ashiev, Eduard"]
[WhiteFideId "1174460"]
[BlackFideId "4130090"]
[WhiteElo "2166"]
[BlackElo "2106"]
[Result "1-0"]
[Round "04"]
[TimeControl "180+1"]
[Date "2021.05.04"]
[WhiteClock "0:00:04"]
[BlackClock "0:00:10"]

1. d4 d6 2. e4 g6 3. f3 Bg7 4. Be3 Nf6 5. Nc3 O-O 6. Qd2 c6 7. h4 h5 8. O-O-O b5 9. Kb1 Nbd7 10. Nh3 Nb6 11. Bd3 Bxh3 12. Rxh3 Nc4 13. Bxc4 bxc4 14. Bh6 Rb8 15. Bxg7 Kxg7 16. Ka1 Qa5 17. g4 Rb6 18. g5 Nd7 19. f4 Rfb8 20. Rb1 Ra6 21. f5 Nf8 22. Rf3 gxf5 23. exf5 Nd7 24. f6+ exf6 25. gxf6+ Nxf6 26. d5 Ne4 27. Rg1+ Kf8 28. Qh6+ Ke7 29. Re1 cxd5 30. Qf6+ Kd7 31. Qxf7+ Kc6 32. a3 Rxb2 33. Nxe4 Qxa3+ 34. Rxa3 Rxa3+ 35. Kxb2 1-0


[Site "https://www.chess.com"]

[Event "Titled Tuesday Blitz May 4 2021"]
[White "Kollars, Dmitrij"]
[Black "Belous, Vladimir"]
[WhiteFideId "12909572"]
[BlackFideId "4174003"]
[WhiteElo "2576"]
[BlackElo "2583"]
[Result "0-1"]
[Round "04"]
[TimeControl "180+1"]
[Date "2021.05.04"]
[WhiteClock "0:00:05"]
[BlackClock "0:00:05"]

1. Nf3 c5 2. c4 Nc6 3. Nc3 g6 4. g3 Bg7 5. Bg2 d6 6. O-O Bf5 7. a3 Qd7 8. d3 Bh3 9. Bxh3 Qxh3 10. Rb1 h5 11. Nd5 Qd7 12. h4 e6 13. Nf4 Nge7 14. b4 b6 15. Qd2 Nd4 16. Nxd4 cxd4 17. b5 Qb7 18. a4 e5 19. Nh3 O-O 20. Ba3 Qd7 21. Kh2 Nf5 22. Ng1 Nh6 23. Nf3 Ng4+ 24. Kg2 Rfc8 25. a5 d5 26. cxd5 Qxd5 27. a6 Rc3 28. Bb2 Rc5 29. Ba3 Rxb5 30. Rxb5 Qxb5 31. Qc2 Qxa6 32. Qc6 Rc8 33. Qd7 Nf6 34. Qe7 Re8 35. Qd6 Qc8 36. Ng5 Qd7 37. Rc1 Qxd6 38. Bxd6 Bf8 39. Bxf8 Kxf8 40. Rc7 Re7 41. Rc8+ Kg7 42. Rd8 Rc7 43. Rb8 Nd7 44. Ra8 Nc5 45. Kf3 f6 46. Ne4 Nxe4 47. Kxe4 Rd7 48. f4 exf4 49. gxf4 b5 50. Rb8 a6 51. Rb6 Re7+ 52. Kxd4 Rxe2 53. Rxa6 Rh2 54. Ra7+ Kh6 55. Rf7 Rxh4 56. Rxf6 Kg7 57. Ke5 b4 58. Rb6 Rh3 59. Rb7+ Kh6 60. d4 Re3+ 61. Kf6 b3 62. d5 h4 63. d6 Rd3 64. d7 b2 65. Ke7 h3 66. Rxb2 g5 67. Rb3 Rxd7+ 68. Kxd7 g4 69. f5 h2 70. Rb1 g3 71. f6 Kg6 72. Ke7 g2 73. f7 g1=Q 74. Rb6+ Qxb6 75. f8=Q Qc5+ 76. Ke8 Qxf8+ 77. Kxf8 h1=Q 0-1


[Site "https://www.chess.com"]

[Event "Titled Tuesday Blitz May 4 2021"]
[White "Komiagina, Maria"]
[Black "Williams, Simon K"]
[WhiteFideId "4153987"]
[BlackFideId "404454"]
[WhiteElo "2014"]
[BlackElo "2468"]
[Result "0-1"]
[Round "04"]
[TimeControl "180+1"]
[Date "2021.05.04"]
[WhiteClock "0:00:01"]
[BlackClock "0:00:16"]

1. e4 c5 2. Nf3 d6 3. d4 cxd4 4. Nxd4 Nf6 5. Nc3 g6 6. Be2 Bg7 7. O-O O-O 8. Re1 Nc6 9. Nb3 Be6 10. Bf1 Rc8 11. Nd5 Bxd5 12. exd5 Ne5 13. c3 Re8 14. h3 Nc4 15. Bxc4 Rxc4 16. Qd3 Qc7 17. Bg5 h6 18. Be3 b5 19. Nd2 Rh4 20. Bd4 a6 21. Nf3 Rh5 22. Bxf6 Bxf6 23. Rad1 Qc4 24. Qxc4 bxc4 25. Kh2 Rf5 26. Kg1 Rb8 27. Re4 Rxb2 28. Rxc4 Rxa2 29. Rc8+ Kg7 30. c4 a5 31. c5 dxc5 32. Rxc5 h5 33. Rc7 a4 34. d6 exd6 35. Rxd6 a3 36. Ra6 Ra1+ 37. Kh2 Bb2 38. h4 Rd1 39. Raa7 Rd8 40. Rcb7 Rf4 41. Kg3 Rg4+ 42. Kh2 Rf8 0-1


[Site "https://www.chess.com"]

[Event "Titled Tuesday Blitz May 4 2021"]
[White "Kopjonkin, Kirill"]
[Black "Abdisalimov, Abdimalik"]
[WhiteFideId "24140090"]
[BlackFideId "14206323"]
[WhiteElo "2638"]
[BlackElo "2367"]
[Result "0-1"]
[Round "04"]
[TimeControl "180+1"]
[Date "2021.05.04"]
[WhiteClock "0:00:06"]
[BlackClock "0:00:18"]

1. e4 c5 2. Nf3 d6 3. d4 cxd4 4. Nxd4 Nf6 5. Nc3 a6 6. f3 Nbd7 7. Be3 e6 8. Qd2 b5 9. g4 Bb7 10. g5 Nh5 11. O-O-O g6 12. Nce2 Rc8 13. Ng3 Nxg3 14. hxg3 Bg7 15. Kb1 d5 16. Bh3 Qe7 17. exd5 Bxd5 18. Rhe1 Nc5 19. Bg4 Na4 20. Bf4 O-O 21. Be5 Rfd8 22. Bxg7 Kxg7 23. Qf4 Nxb2 24. Qe5+ Kg8 25. Kxb2 a5 26. Nb3 a4 27. Rxd5 Rxd5 28. Qxd5 Rxc2+ 29. Kb1 axb3 30. Qxb3 Rc4 31. f4 Rb4 32. Kb2 Rxb3+ 33. axb3 Qc5 34. Rc1 Qf2+ 35. Ka3 Qxg3 36. Be2 Qxf4 37. Rc8+ Kg7 38. Bxb5 Qxg5 39. Ka4 h5 40. b4 h4 41. Bc6 h3 42. b5 Qc1 43. Ka5 Qa1+ 44. Kb6 Qb2 45. Ka7 Qa3+ 46. Kb7 h2 47. b6 g5 48. Kc7 Qa5 49. Ra8 Qc3 50. Kb7 Qxc6+ 51. Kxc6 h1=Q+ 52. Kc7 Qxa8 53. b7 Qxb7+ 54. Kxb7 g4 0-1


[Site "https://www.chess.com"]

[Event "Titled Tuesday Blitz May 4 2021"]
[White "Kovacs, Klara"]
[Black "Eynullayev, Atilla"]
[WhiteFideId "733210"]
[BlackFideId "13413570"]
[WhiteElo "2120"]
[BlackElo "1997"]
[Result "0-1"]
[Round "04"]
[TimeControl "180+1"]
[Date "2021.05.04"]
[WhiteClock "0:00:49"]
[BlackClock "0:00:44"]

1. Nf3 d5 2. g3 Nf6 3. Bg2 e6 4. O-O Be7 5. c4 O-O 6. d4 dxc4 7. Qc2 a6 8. Qxc4 b5 9. Qc2 Bb7 10. Nc3 Nbd7 11. Bg5 Rc8 12. Rfd1 h6 13. Bxf6 Nxf6 14. e4 b4 15. Na4 Bxe4 16. Qe2 Qd5 17. b3 Rfd8 18. Nh4 Bxg2 19. Nxg2 Qb5 20. Qxb5 axb5 21. Nb2 Ne4 22. Kf1 Nc3 23. Rd2 Bf6 24. Ne3 Rxd4 25. Rxd4 Bxd4 26. Nc2 Bf6 27. Nxb4 c5 28. N4d3 c4 29. bxc4 bxc4 30. Nb4 Nd5 31. Nxd5 exd5 32. Rb1 Rb8 0-1


[Site "https://www.chess.com"]

[Event "Titled Tuesday Blitz May 4 2021"]
[White "Kovalev, Egor"]
[Black "Martinez Lopez, David"]
[WhiteFideId "24124117"]
[BlackFideId "22235779"]
[WhiteElo "2253"]
[BlackElo "2366"]
[Result "0-1"]
[Round "04"]
[TimeControl "180+1"]
[Date "2021.05.04"]
[WhiteClock "0:00:26"]
[BlackClock "0:00:03"]

1. e4 c5 2. Nf3 d6 3. d4 cxd4 4. Nxd4 Nf6 5. Nc3 a6 6. f3 e5 7. Nb3 Be7 8. Be3 Be6 9. Qd2 O-O 10. O-O-O a5 11. a4 Nc6 12. Kb1 Nb4 13. g4 d5 14. g5 d4 15. gxf6 Bxf6 16. Nxd4 exd4 17. Bxd4 Rc8 18. Rg1 g6 19. f4 Nc6 20. Bxf6 Qxf6 21. f5 Rfd8 22. Qe1 Rxd1+ 23. Qxd1 Rd8 24. Bd3 Bc4 25. fxg6 hxg6 26. Qf1 Qxf1+ 27. Bxf1 Be6 28. Bb5 Nb4 29. Rd1 Rc8 30. Bd7 Rc5 31. Bxe6 fxe6 32. Rd8+ Kg7 33. Rd7+ Kf6 34. Rxb7 Rg5 35. b3 Rg1+ 36. Kb2 Rg2 37. Rxb4 axb4 38. Na2 Rxh2 39. Nxb4 g5 40. a5 g4 41. a6 g3 42. e5+ Kf5 43. Nc6 Rh8 44. b4 g2 45. Nd4+ Ke4 46. Ne2 Ke3 47. Ng1 Kf2 48. b5 Kxg1 49. b6 Kf1 50. a7 g1=Q 51. b7 Qd4+ 52. c3 Qb6+ 53. Kc2 Qxb7 54. a8=Q Qxa8 0-1


[Site "https://www.chess.com"]

[Event "Titled Tuesday Blitz May 4 2021"]
[White "Kovalev, Vladislav"]
[Black "Tisaj, Domen"]
[WhiteFideId "13504398"]
[BlackFideId "14628708"]
[WhiteElo "2785"]
[BlackElo "2626"]
[Result "0-1"]
[Round "04"]
[TimeControl "180+1"]
[Date "2021.05.04"]
[WhiteClock "0:00:02"]
[BlackClock "0:00:24"]

1. e4 c5 2. Nf3 Nc6 3. d4 cxd4 4. Nxd4 e5 5. Nb5 d6 6. N1c3 a6 7. Na3 Be7 8. Nc4 b5 9. Ne3 Nf6 10. g3 O-O 11. Bg2 b4 12. Ncd5 Nxd5 13. Nxd5 Bg5 14. Ne3 Nd4 15. h4 Bh6 16. O-O Be6 17. Bd2 Rc8 18. Rc1 a5 19. c3 bxc3 20. Bxc3 Bxa2 21. Ra1 Bb3 22. Qg4 Bxe3 23. fxe3 Nc2 24. Bxa5 Qe7 25. Bd2 Nxa1 26. Rxa1 Rc2 27. Bc3 Qe6 28. Qf5 g6 29. Qf3 Bc4 30. Qd1 Re2 31. Rc1 Rxe3 32. Be1 Rd3 33. Qc2 Rc8 34. Bf1 Ba6 35. Qxc8+ Bxc8 36. Bxd3 Kg7 37. b4 Bb7 38. Bf2 d5 39. b5 dxe4 40. Bf1 Qb3 41. Rc7 Bd5 0-1


[Site "https://www.chess.com"]

[Event "Titled Tuesday Blitz May 4 2021"]
[White "Krasilnikov, Evgeni"]
[Black "Kostiukov, Alexandr"]
[WhiteFideId "4139739"]
[BlackFideId "14108100"]
[WhiteElo "2357"]
[BlackElo "2240"]
[Result "1-0"]
[Round "04"]
[TimeControl "180+1"]
[Date "2021.05.04"]
[WhiteClock "0:00:17"]
[BlackClock "0:00:05"]

1. e4 c5 2. c3 g6 3. d4 cxd4 4. cxd4 d5 5. e5 Nc6 6. Nc3 Bg7 7. Bb5 Nh6 8. Nge2 O-O 9. Bxc6 bxc6 10. O-O f6 11. exf6 exf6 12. Na4 Bg4 13. h3 Bxe2 14. Qxe2 Nf5 15. Be3 Re8 16. Qd3 Nxe3 17. fxe3 Bh6 18. Rf3 Qe7 19. Re1 Qb4 20. Nc3 Re6 21. Re2 Rae8 22. b3 Qe7 23. Nd1 f5 24. Rc2 Qh4 25. Kh2 f4 26. exf4 Bxf4+ 27. g3 Bb8 28. Kg2 Qg5 29. Rcf2 h5 30. h4 Qg4 31. Ne3 Qe4 32. Qxe4 Rxe4 33. Nc2 Re2 34. Kf1 Rxf2+ 35. Kxf2 Bc7 36. Rf6 Rf8 37. Rxf8+ Kxf8 38. Nb4 Bb6 39. Nxc6 Ke8 40. Ke3 Kf7 41. Ne5+ Kf6 42. Nd7+ Kf5 43. Nxb6 axb6 44. Kf3 b5 45. a4 b4 46. a5 Ke6 47. a6 1-0


[Site "https://www.chess.com"]

[Event "Titled Tuesday Blitz May 4 2021"]
[White "Kretov, Evgenij"]
[Black "Navalgund, Niranjan"]
[WhiteFideId "4167821"]
[BlackFideId "5030854"]
[WhiteElo "2381"]
[BlackElo "2290"]
[Result "0-1"]
[Round "04"]
[TimeControl "180+1"]
[Date "2021.05.04"]
[WhiteClock "0:01:22"]
[BlackClock "0:02:12"]

1. d4 Nf6 2. c4 e6 3. Nc3 Bb4 4. Bg5 c5 5. d5 h6 6. Bh4 b5 7. e3 O-O 8. Nf3 bxc4 9. Bxc4 Ba6 10. Bxa6 Nxa6 11. O-O Bxc3 12. bxc3 exd5 13. Bxf6 Qxf6 14. Qxd5 Qxc3 15. Rfc1 Qf6 16. Qxd7 Rfd8 17. Qa4 Nb4 18. Rab1 Nd3 19. Rd1 Nb2 20. Rxd8+ Rxd8 21. Qxa7 c4 22. Nd4 c3 23. Qa3 Nd3 24. Rf1 Rc8 25. Nc2 Ne5 26. Qb3 Qg6 27. Rd1 Nf3+ 28. Kh1 Qh5 29. h3 Nd2 0-1


[Site "https://www.chess.com"]

[Event "Titled Tuesday Blitz May 4 2021"]
[White "Krivonosov, Oleg"]
[Black "Alavkin, Arseny"]
[WhiteFideId "11600349"]
[BlackFideId "4120612"]
[WhiteElo "2703"]
[BlackElo "2575"]
[Result "1/2-1/2"]
[Round "04"]
[TimeControl "180+1"]
[Date "2021.05.04"]
[WhiteClock "0:01:32"]
[BlackClock "0:02:25"]

1. Nf3 Nf6 2. c4 g6 3. Nc3 Bg7 4. e4 d6 5. d4 O-O 6. Be2 Na6 7. Bf4 Re8 8. O-O c6 9. Qd2 Nc7 10. h3 Nh5 11. Be3 e5 12. Rad1 Qe7 13. Rfe1 Ne6 14. Bf1 Nhf4 15. d5 cxd5 16. Nxd5 Nxd5 17. Qxd5 Rd8 18. Qd2 Bd7 19. Qxd6 Qxd6 20. Rxd6 Bc6 21. Rxd8+ Rxd8 22. Nd2 Bf8 1/2-1/2


[Site "https://www.chess.com"]

[Event "Titled Tuesday Blitz May 4 2021"]
[White "Kubatko, Ivan"]
[Black "Schut, Han"]
[WhiteFideId "24111473"]
[BlackFideId "1005561"]
[WhiteElo "2285"]
[BlackElo "2057"]
[Result "1-0"]
[Round "04"]
[TimeControl "180+1"]
[Date "2021.05.04"]
[WhiteClock "0:00:02"]
[BlackClock "0:00:01"]

1. e4 c5 2. c3 g6 3. d4 cxd4 4. cxd4 d5 5. exd5 Nf6 6. Nc3 Nxd5 7. Bc4 Nb6 8. Bb3 Bg7 9. d5 N8d7 10. Be3 Nf6 11. Bd4 O-O 12. Nf3 Re8 13. O-O e6 14. Re1 exd5 15. Rxe8+ Qxe8 16. Nxd5 Nbxd5 17. Bxd5 Nxd5 18. Bxg7 Kxg7 19. Qxd5 Qe7 20. Re1 Be6 21. b3 Bxd5 22. Rxe7 Bxf3 23. gxf3 Kf6 24. Rxb7 a5 25. a4 Rc8 26. Rb5 Rc3 27. Kg2 h5 28. h4 Ke6 29. Kg3 Kf6 30. Kf4 Kg7 31. Rb6 Rd3 32. Ke4 Rc3 33. f4 Kg8 34. f3 Kg7 35. Rb5 Kg8 36. f5 Kg7 37. fxg6 Kxg6 38. Kf4 Rd3 39. Rg5+ Kf6 40. Rxh5 Rxb3 41. Rxa5 Rb4+ 42. Kg3 Kg6 43. Ra6+ f6 44. Ra8 Rc4 45. a5 Ra4 46. a6 Kg7 47. f4 Kh7 48. Kg4 Kg7 49. Kf5 Ra5+ 50. Kg4 Ra4 51. Ra7+ Kg6 52. h5+ Kh6 53. Ra8 Kg7 54. a7 Ra5 55. h6+ Kh7 56. f5 Ra4+ 57. Kf3 Ra3+ 58. Ke4 Ra5 59. Kd4 Ra4+ 60. Kc5 Ra1 61. Kd6 Ra6+ 62. Ke7 Ra4 63. Kf7 Ra6 64. Ke7 Ra3 65. Kxf6 Ra6+ 66. Kg5 Ra5 67. Rd8 Rxa7 68. Rd6 1-0


[Site "https://www.chess.com"]

[Event "Titled Tuesday Blitz May 4 2021"]
[White "Lagunow, Raphael"]
[Black "Chabris, Christopher"]
[WhiteFideId "24652644"]
[BlackFideId "2005263"]
[WhiteElo "2400"]
[BlackElo "2283"]
[Result "1-0"]
[Round "04"]
[TimeControl "180+1"]
[Date "2021.05.04"]
[WhiteClock "0:00:09"]
[BlackClock "0:00:08"]

1. e4 c5 2. Nf3 d6 3. d4 cxd4 4. Nxd4 Nf6 5. Nc3 a6 6. Bg5 e6 7. f4 h6 8. Bh4 Qb6 9. Qd2 Qxb2 10. Rb1 Qa3 11. e5 dxe5 12. fxe5 Nd5 13. Nxd5 exd5 14. e6 Bxe6 15. Nxe6 fxe6 16. Bd3 Be7 17. Bg6+ Kd8 18. Bxe7+ Qxe7 19. O-O Rf8 20. Rxf8+ Qxf8 21. Rxb7 Qc5+ 22. Kh1 Nd7 23. Qd3 Rb8 24. Qxa6 Rxb7 25. Qxb7 Qc3 26. Qb1 Ne5 27. Bd3 Qd2 28. h3 Qf2 29. a4 g5 30. Qb8+ Ke7 31. Qxe5 Qe1+ 32. Qxe1 1-0


[Site "https://www.chess.com"]

[Event "Titled Tuesday Blitz May 4 2021"]
[White "Lamaze, Simon"]
[Black "serhanberat_ozdemir"]
[WhiteFideId "36069264"]
[WhiteElo "1938"]
[BlackElo "2608"]
[Result "0-1"]
[Round "04"]
[TimeControl "180+1"]
[Date "2021.05.04"]
[WhiteClock "0:00:42"]
[BlackClock "0:00:05"]

1. d4 Nf6 2. c4 g6 3. Nc3 Bg7 4. Bf4 O-O 5. e3 c5 6. Nf3 cxd4 7. exd4 d5 8. c5 Nc6 9. Be2 Bf5 10. O-O Ne4 11. h3 Qd7 12. Bb5 Nxc3 13. bxc3 Qc8 14. Re1 Re8 15. Ne5 f6 16. Nf3 Be4 17. Bd3 e5 18. Bh2 Bxd3 19. dxe5 Be4 20. c4 Bxf3 21. Qxf3 fxe5 22. cxd5 Nd4 23. Qc3 e4 24. Qc4 Kh8 25. Rad1 Nf5 26. d6 Qc6 27. Bf4 Rad8 28. Kh2 b6 29. Bg5 Rd7 30. Qd5 Qxd5 31. Rxd5 bxc5 32. g4 Rxd6 33. Rxc5 Nd4 34. Kh1 Nf3 35. Be7 Rxe7 36. Rc8+ Bf8 37. Rxf8+ Kg7 38. Rxf3 Rd2 39. Rf4 Rxa2 40. Kg1 e3 41. Rxe3 Rxe3 42. fxe3 a5 43. g5 a4 44. h4 h6 45. Rc4 hxg5 46. hxg5 Kf7 47. Rc6 a3 48. Rf6+ Kg7 49. Ra6 Kf7 50. e4 Ke7 51. Rxg6 Rb2 52. Ra6 a2 53. Ra7+ Ke6 54. Ra6+ Kf7 55. Ra7+ Kg6 56. Ra6+ Kxg5 57. Ra5+ Kf4 58. Ra4 Rb1+ 0-1


[Site "https://www.chess.com"]

[Event "Titled Tuesday Blitz May 4 2021"]
[White "Landaw, Julian"]
[Black "Kett, Tim"]
[WhiteFideId "2023342"]
[BlackFideId "1801210"]
[WhiteElo "2312"]
[BlackElo "2098"]
[Result "1-0"]
[Round "04"]
[TimeControl "180+1"]
[Date "2021.05.04"]
[WhiteClock "0:00:24"]
[BlackClock "0:00:02"]

1. e4 e5 2. Nf3 Nc6 3. Bb5 a6 4. Ba4 Nf6 5. O-O Be7 6. Re1 b5 7. Bb3 d6 8. c3 O-O 9. h3 Nd7 10. d4 Bf6 11. Be3 Bb7 12. Nbd2 Nb6 13. Nf1 Na5 14. Bc2 Nac4 15. Bc1 exd4 16. cxd4 c5 17. b3 Na5 18. Ne3 cxd4 19. Nxd4 Nc6 20. Bb2 Rc8 21. Rc1 Re8 22. Nef5 Nxd4 23. Bxd4 Bxd4 24. Qxd4 Re5 25. Nxd6 Re6 26. Nf5 Qxd4 27. Nxd4 Ree8 28. Nf5 Rcd8 29. Rcd1 Rxd1 30. Rxd1 g6 31. Nd6 Re7 32. Nxb7 Rxb7 33. e5 Re7 34. f4 Kg7 35. Rd6 Nc8 36. Rc6 Na7 37. Rxa6 Rc7 38. Be4 Nc8 39. Rc6 Rxc6 40. Bxc6 b4 41. Kf2 Kf8 42. Ke3 Ke7 43. Kd4 Kd8 44. Kc5 Kc7 45. Bd5 1-0


[Site "https://www.chess.com"]

[Event "Titled Tuesday Blitz May 4 2021"]
[White "Lauridsen, Jesper Morch"]
[Black "Marcinczyk, Monika"]
[WhiteFideId "1401890"]
[BlackFideId "1192051"]
[WhiteElo "2268"]
[BlackElo "1640"]
[Result "1-0"]
[Round "04"]
[TimeControl "180+1"]
[Date "2021.05.04"]
[WhiteClock "0:00:18"]
[BlackClock "0:00:01"]

1. e4 c5 2. Nc3 Nc6 3. Nf3 g6 4. d4 cxd4 5. Nxd4 Bg7 6. Be3 Nf6 7. Bc4 Qa5 8. O-O d6 9. f3 O-O 10. Bb3 Nd7 11. Nd5 Re8 12. Kh1 Nc5 13. Nxc6 bxc6 14. Bxc5 cxd5 15. Bd4 dxe4 16. Bxg7 Kxg7 17. fxe4 f6 18. c3 Ba6 19. Rf2 Qe5 20. Qf3 Rac8 21. Rd1 Bc4 22. Bxc4 Rxc4 23. Re2 Rb8 24. Qd3 Ra4 25. a3 Qe6 26. h3 Ra5 27. Qd4 Qb3 28. Rde1 Ra4 29. Qf2 Qe6 30. Kg1 Ra5 31. Rd2 a6 32. Rd5 Rab5 33. b4 1-0


[Site "https://www.chess.com"]

[Event "Titled Tuesday Blitz May 4 2021"]
[White "Laxman, R.R."]
[Black "Balaji, Aaravamudhan"]
[WhiteFideId "5005361"]
[BlackFideId "436224"]
[WhiteElo "2476"]
[BlackElo "2085"]
[Result "0-1"]
[Round "04"]
[TimeControl "180+1"]
[Date "2021.05.04"]
[WhiteClock "0:02:26"]
[BlackClock "0:01:24"]

1. d4 g6 2. e4 Bg7 3. Nf3 a6 4. c4 d6 5. Nc3 Nc6 6. d5 Ne5 7. Nxe5 Bxe5 8. Be2 Bg7 9. O-O Nf6 10. f4 O-O 11. e5 dxe5 12. fxe5 Nd7 13. e6 fxe6 14. dxe6 Nf6 15. Qb3 Bxe6 16. Qxb7 Qd4+ 17. Kh1 Ng4 18. Ne4 Rxf1+ 19. Bxf1 Qxe4 20. Qxe4 Nf2+ 21. Kg1 Nxe4 22. Be3 Rd8 23. Re1 Bd4 24. b3 Bf7 25. g3 Kf8 26. Bg2 Bxe3+ 27. Rxe3 Rd1+ 0-1


[Site "https://www.chess.com"]

[Event "Titled Tuesday Blitz May 4 2021"]
[White "Le, Tuan Minh"]
[Black "Mohammad Fahad, Rahman"]
[WhiteFideId "12401153"]
[BlackFideId "10207791"]
[WhiteElo "2450"]
[BlackElo "2308"]
[Result "0-1"]
[Round "04"]
[TimeControl "180+1"]
[Date "2021.05.04"]
[WhiteClock "0:00:25"]
[BlackClock "0:00:07"]

1. d4 d5 2. Nf3 Nf6 3. Bf4 c5 4. c3 Bf5 5. dxc5 e6 6. Nd4 Bxc5 7. Nxf5 exf5 8. e3 O-O 9. Nd2 Nc6 10. Be2 Bd6 11. Bg5 h6 12. Bxf6 Qxf6 13. g3 Rad8 14. O-O Rfe8 15. Nf3 Bc5 16. Re1 Ne5 17. Nd4 Nc4 18. Qb3 Nd2 19. Qc2 Ne4 20. Rad1 a6 21. Bf3 Ng5 22. Bg2 g6 23. Qb3 b5 24. a4 bxa4 25. Qxa4 Rb8 26. Bxd5 Red8 27. Nc6 Rxd5 28. Rxd5 Nf3+ 29. Kf1 Rxb2 30. Rxc5 Qd6 31. Qd1 Nd2+ 32. Kg1 Qxc5 33. Nd4 Qxc3 34. Ne2 Nf3+ 35. Kf1 Qxe1+ 36. Qxe1 Nxe1 37. Kxe1 a5 38. Nc3 Rc2 39. Na4 Ra2 40. Nc3 Rc2 41. Na4 Kf8 42. h3 Rc4 43. Nb6 Rb4 44. Nd7+ Kg7 45. Ne5 a4 46. Nd3 Rb1+ 47. Kd2 a3 48. Nc1 a2 0-1


[Site "https://www.chess.com"]

[Event "Titled Tuesday Blitz May 4 2021"]
[White "Lejean-Anusca, Madalina-Maria"]
[Black "Homiakova, Elena"]
[WhiteFideId "1215396"]
[BlackFideId "13507761"]
[WhiteElo "2002"]
[BlackElo "2276"]
[Result "0-1"]
[Round "04"]
[TimeControl "180+1"]
[Date "2021.05.04"]
[WhiteClock "0:02:25"]
[BlackClock "0:02:03"]

1. d4 Nf6 2. e3 g6 3. Bd3 Bg7 4. f4 c5 5. Nf3 cxd4 6. exd4 O-O 7. c3 d5 8. O-O Nc6 9. Nbd2 Bg4 10. Qe1 Bxf3 11. Nxf3 a6 12. Ne5 Qc7 13. Bc2 Nxd4 14. Bd3 Nc6 15. Nxc6 bxc6 16. Qe2 Rfe8 17. Bxa6 Qb6+ 18. Be3 Qxa6 19. Qxa6 Rxa6 20. Bc5 Ne4 21. Be3 Rb8 22. Rab1 Rxa2 0-1


[Site "https://www.chess.com"]

[Event "Titled Tuesday Blitz May 4 2021"]
[White "Li, Hui"]
[Black "Veiga, Emerson de Sousa"]
[WhiteFideId "15400310"]
[BlackFideId "2151898"]
[WhiteElo "1954"]
[BlackElo "2034"]
[Result "1/2-1/2"]
[Round "04"]
[TimeControl "180+1"]
[Date "2021.05.04"]
[WhiteClock "0:00:06"]
[BlackClock "0:00:16"]

1. e4 c5 2. Nf3 d6 3. d4 cxd4 4. Nxd4 Nf6 5. Nc3 a6 6. Be2 e5 7. Nb3 Be6 8. f4 Qc7 9. g4 exf4 10. g5 Nfd7 11. Bxf4 Ne5 12. Nd4 Nbc6 13. Nf5 g6 14. Ne3 Bg7 15. Ned5 Qa5 16. Qd2 Nb4 17. Nxb4 Qxb4 18. O-O-O Ke7 19. a3 Qb6 20. Nd5+ Bxd5 21. Qxd5 Rac8 22. c3 Rc5 23. Qa2 Rhc8 24. Rd2 Nc4 25. Bxc4 Rxc4 26. Bxd6+ Ke8 27. Rhd1 Rxe4 28. Bb4 Qe3 29. Qd5 Re7 30. Qd3 Qxd3 31. Rxd3 Re6 32. R3d2 Be5 33. Kb1 f6 34. gxf6 Bxf6 35. Kc2 Kf7 36. Rd3 Be7 37. Rd7 Re8 38. Bxe7 R8xe7 39. Rxe7+ Rxe7 40. Kd2 Rd7+ 41. Ke2 Rxd1 42. Kxd1 g5 43. Ke2 h5 44. Kf3 Kf6 45. c4 a5 46. b4 axb4 47. axb4 b6 48. c5 bxc5 49. bxc5 Ke5 50. c6 Kd6 51. Ke4 Kxc6 52. Kf5 Kd7 53. Kxg5 Ke8 54. Kxh5 Kf8 55. Kh6 Kg8 56. Kg6 Kh8 57. Kh6 Kg8 58. Kg6 Kh8 1/2-1/2


[Site "https://www.chess.com"]

[Event "Titled Tuesday Blitz May 4 2021"]
[White "Ljukin, Sergei"]
[Black "Wagner, Dennis"]
[WhiteFideId "14102200"]
[BlackFideId "24650684"]
[WhiteElo "2287"]
[BlackElo "2355"]
[Result "0-1"]
[Round "04"]
[TimeControl "180+1"]
[Date "2021.05.04"]
[WhiteClock "0:00:07"]
[BlackClock "0:00:23"]

1. e4 e5 2. Nf3 Nc6 3. Bb5 Nf6 4. Qe2 d6 5. c3 Bd7 6. O-O g6 7. d4 Bg7 8. Bxc6 Bxc6 9. dxe5 Nxe4 10. Nd4 d5 11. Nd2 Nxd2 12. Bxd2 O-O 13. Nxc6 bxc6 14. f4 Re8 15. Be3 a5 16. Bd4 Rb8 17. b3 f6 18. Rae1 fxe5 19. Bxe5 Bxe5 20. fxe5 Re6 21. Rf3 Qe7 22. Re3 Rf8 23. Qg4 Rf5 24. Qg3 Qc5 25. Kh1 Kg7 26. h3 Qa3 27. R1e2 Rf1+ 28. Kh2 Qc1 29. Qg5 Rf7 30. Qg4 Rf5 31. Qa4 Qf1 32. Qxa5 Qf4+ 0-1


[Site "https://www.chess.com"]

[Event "Titled Tuesday Blitz May 4 2021"]
[White "Lomaia, Diana"]
[Black "Shukhman, Anna"]
[WhiteFideId "13612476"]
[BlackFideId "54180058"]
[WhiteElo "1742"]
[BlackElo "1628"]
[Result "0-1"]
[Round "04"]
[TimeControl "180+1"]
[Date "2021.05.04"]
[WhiteClock "0:00:07"]
[BlackClock "0:00:22"]

1. d4 f5 2. c4 Nf6 3. Nf3 g6 4. g3 Bg7 5. Bg2 O-O 6. O-O d6 7. Nc3 Qe8 8. Re1 Qf7 9. Qb3 Ne4 10. Nd5 Na6 11. Ng5 Nxg5 12. Bxg5 h6 13. Nxe7+ Kh7 14. Bd5 Qe8 15. Nxc8 Rxc8 16. Bd2 c6 17. Bg2 Qe7 18. Bc3 f4 19. e4 fxg3 20. hxg3 c5 21. d5 Qf7 22. Re2 Bxc3 23. Qxc3 Nc7 24. f4 b5 25. b3 g5 26. Rf1 b4 27. Qc2 Qg6 28. f5 Qf6 29. e5 dxe5 30. Qe4 Rce8 31. Bh3 Re7 32. Rd1 Ne8 33. Qe3 Qd6 34. Qd3 Nf6 35. Rde1 Rfe8 36. Qe3 e4 37. a3 bxa3 38. Ra2 Qe5 39. Rxa3 Qd4 40. Ra6 Kg7 41. Kf2 Rb7 42. Rb1 Reb8 43. Re6 Qxe3+ 44. Kxe3 Rxb3+ 45. Rxb3 Rxb3+ 46. Kf2 Rb2+ 47. Ke3 Rb3+ 48. Kf2 Kf7 49. Rc6 Rb2+ 50. Ke3 Rb3+ 51. Kf2 e3+ 52. Ke2 Ne4 53. Rc7+ Kf6 54. Rc6+ Ke5 55. Re6+ Kd4 56. Bg2 Nxg3+ 57. Ke1 Rb1# 0-1


[Site "https://www.chess.com"]